 Dungeon Crawl Stone Soup version 0.14-a0-1168-gf5005bf (webtiles) character file.

63 Mitsuki the Stinger (level 2, 0/11 HPs)
             Began as a Felid Venom Mage on Nov 29, 2013.
             Slain by an adder (2 damage)
             ... on Level 1 of the Dungeon.
             The game lasted 00:14:03 (974 turns).

Mitsuki the Stinger (Felid Venom Mage)               Turns: 974, Time: 00:14:04

HP   0/11        AC  1     Str  4      XL: 2   Next: 48%
MP   5/5         EV 18     Int 16      God:
Gold 45          SH  0     Dex 16      Spells:  2 memorised,  0 levels left
Lives: 0, deaths: 0

rFire  . . .     SeeInvis +     (weapon unavailable)
rCold  . . .     Clarity  .     (armour unavailable)
rNeg   . . .     Conserve .     (shield unavailable)
rPois  .         rCorr    .     (helmet unavailable)
rElec  .         rRot     .     (cloak unavailable)
SustAb . .       Spirit   .     (gloves unavailable)
rMut   .         Warding  .     (boots unavailable)
Saprov . . .     Stasis   .     (no amulet)
                                (no ring)
                                (no ring)

@: quick, slightly resistant to hostile enchantments, stealthy
A: paw claws, no armour, no advanced items, fangs 3, see invisible, carnivore 3,
speed 1, shaggy fur 1, slow metabolism 1, jump 1
a: Jump Attack


You were on level 1 of the Dungeon.
You were not hungry.

You visited 1 branch of the dungeon, and saw 2 of its levels.

You collected 45 gold pieces.

Inventory:

Comestibles
 c - a meat ration
Scrolls
 a - a scroll of identify {unknown}
 d - 2 scrolls of fear {unknown}
 e - a scroll of remove curse {unknown}
 g - a scroll of teleportation {unknown}
 h - a scroll of enchant weapon II {unknown}
 j - a scroll of amnesia {unknown}
Potions
 f - a potion of might {unknown}
 i - a potion of restore abilities {unknown}
Books
 b - a Young Poisoner's Handbook

   Spells                             Type                      Level
   *Sting                             Conjuration/Poison           1
   *Cure Poison                       Poison                       2
   Mephitic Cloud                     Conjuration/Poison/Air       3
   Olgreb's Toxic Radiance            Poison                       4
   Venom Bolt                         Conjuration/Poison           5


   Skills:
 + Level 2.6 Dodging
 + Level 2.8 Stealth
 + Level 1.3 Spellcasting
 + Level 4.1 Poison Magic


You couldn't memorise any spells.
You knew the following spells:

 Your Spells              Type           Power        Failure   Level  Hunger
a - Sting                 Conj/Pois      #...         12%         1    ##.....
b - Cure Poison           Pois           ##........   10%         2    ###....


Dungeon Overview and Level Annotations

Branches:
Dungeon (2/16)

Altars:


Innate Abilities, Weirdness & Mutations

You cannot wear armour.
You are incapable of any advanced item manipulation.
Your paws have sharp claws.
You have razor-sharp teeth.
You have supernaturally acute eyesight.
You are carnivorous and can eat meat at any time.
You cover ground quickly.
You are covered in fur (AC +1).
You have a slow metabolism.
You can jump attack at a short distance.


Message History

Casting: Sting
Confirm with . or Enter, or press ? or * to list all spells.
Aiming: Sting
Press: ? - help, Shift-Dir - straight line, f/p - adder
Aim: an adder (severely wounded)
You miscast Sting.
You are very lightly contaminated with residual magic.
Strange energies run through your body. The adder misses you.
There is an escape hatch in the floor here.
The adder bites you.
* * * LOW HITPOINT WARNING * * *
The adder completely misses you.
Your magical contamination has completely faded away.
The adder completely misses you.
There is an escape hatch in the floor here.
The adder closely misses you. The adder completely misses you.
There is a stone staircase leading down here.
The adder bites you.
You die...

#...# #.#.##.##...##...### #...#
#.#.##.............### ##.##
#.#.##.###....#.##.#.. ##.##
#.#.##.###....#.##.#.. #...#
#.#.#...##....#.##....
#...###.#.....##.####.##....
######...#...#.....##.####....).#
.................................
.............#..@S.............#.
......................####.#>..#.
..#####..........................
..#..............................
..#.####.###......##....##.##....
.##.# #...#.#....###...##.##....
.##.####...#.#....###...##.......
..(.((........................##.
(.#.####.........................


You could see an adder.

Vanquished Creatures
  A giant gecko (D:1)
  An ooze (D:1)
  A bat (D:1)
  A giant cockroach (D:1)
  2 hobgoblins (D:1)
  6 goblins (D:1)
  3 kobolds (D:1)
  A rat (D:1)
16 creatures vanquished.

Notes
Turn   | Place    | Note
--------------------------------------------------------------
     0 | D:1      | Mitsuki, the Felid Venom Mage, began the quest for the Orb.
     0 | D:1      | Reached XP level 1. HP: 7/7 MP: 4/4
   294 | D:1      | Reached XP level 2. HP: 11/11 MP: 1/5
   620 | D:1      | Reached skill level 4 in Poison Magic
   659 | D:1      | Learned a level 2 spell: Cure Poison
   974 | D:1      | Slain by an adder

Action                   || total
-------------------------++-------
Melee: Unarmed           ||    13
 Cast: Sting             ||    30
       Cure Poison       ||     1
 Abil: Jump Attack       ||     2
